 Dungeon Crawl Stone Soup version 0.31.0-11-ge490571c62 (webtiles) character file.

Game seed: 12259028572051474249

198 Ashen the Magician (level 5, -8/38 HPs)
             Began as a Gnoll Hedge Wizard on Jan 26, 2024.
             Killed from afar by a steam dragon (18 damage)
             ... with a ball of steam
             ... on level 7 of the Dungeon.
             The game lasted 00:06:53 (3623 turns).

Ashen the Magician (Gnoll Hedge Wizard)             Turns: 3623, Time: 00:06:54

Health: -8/38      AC:  4    Str: 10    XL:     5   Next: 76%
Magic:  14/14      EV: 12    Int: 15    God:
Gold:   202        SH:  0    Dex: 11    Spells: 14/18 levels left

rFire   . . .        p - +2 short sword (flame)
rCold   . . .        (no shield)
rNeg    . . .        k - +0 leather armour
rPois   .            c - +0 hat
rElec   .            (no cloak)
rCorr   .            (no gloves)
SInv    .            j - +0 pair of boots
Will    .....        (no amulet)
Stlth   ++           (no ring)
HPRegen 0.26/turn    (no ring)
MPRegen 0.14/turn

%: no passive effects
@: no status effects
A: fangs 1, strong nose, distributed training
a: no special abilities


You were on level 7 of the Dungeon.
You visited 1 branch of the dungeon, and saw 5 of its levels.

You collected 202 gold pieces.

Inventory:

Hand Weapons
 p - a +2 short sword of flaming (weapon)
Armour
 c - a +0 hat (worn)
 j - a +0 pair of boots (worn)
 k - a +0 leather armour (worn)
Magical Staves
 q - a staff of alchemy
Scrolls
 a - a scroll of summoning {unknown}
 e - 6 scrolls of teleportation {unknown}
 f - 3 scrolls of identify {unknown}
 g - a scroll of torment {unknown}
 r - a scroll of enchant weapon {unknown}
Potions
 b - a potion of ambrosia {unknown}
 d - 2 potions of magic
 h - 3 potions of might {unknown}
 i - a potion of heal wounds {unknown}
 l - a potion of berserk rage {unknown}
 m - 2 potions of mutation {unknown}
 n - 2 potions of haste {unknown}
 o - 4 potions of curing {unknown}


   Skills:
 + Level 1.7 Fighting
 + Level 1.7 Short Blades
 + Level 1.7 Long Blades
 + Level 1.7 Axes
 + Level 1.7 Maces & Flails
 + Level 1.7 Polearms
 + Level 1.7 Staves
 + Level 1.7 Ranged Weapons
 + Level 1.7 Throwing
 + Level 1.7 Armour
 + Level 4.9 Dodging
 + Level 4.5 Stealth
 + Level 1.7 Shields
 + Level 1.7 Unarmed Combat
 + Level 7.3 Spellcasting
 + Level 2.5 Conjurations
 + Level 1.3 Hexes
 + Level 2.5 Summonings
 + Level 1.3 Necromancy
 + Level 2.5 Translocations
 + Level 1.3 Fire Magic
 + Level 1.3 Ice Magic
 + Level 1.3 Air Magic
 + Level 1.3 Earth Magic
 + Level 1.3 Alchemy
 + Level 1.9 Invocations
 + Level 1.7 Evocations
 + Level 1.5 Shapeshifting


You had 14 spell levels left.
You knew the following spells:

 Your Spells              Type           Power      Damage    Failure   Level
a - Magic Dart            Conj           52%        1d5       6%          1
b - Mephitic Cloud        Conj/Alch/Air  10%        N/A       24%         3

Your spell library contained the following spells:

 Spells                   Type           Power      Damage    Failure   Level
 Blink                    Tloc           26%        N/A       9%          2
 Call Imp                 Summ           26%        N/A       9%          2
 Slow                     Hex            36%        N/A       10%         1
 Cigotuvi's Dreadful Rot  Necr/Alch/Air  18%        N/A       14%         2
 Ensorcelled Hibernation  Hex/Ice        18%        N/A       14%         2
 Fugue of the Fallen      Necr           9%         N/A       28%         3
 Anguish                  Hex/Necr       4%         N/A       67%         4


Dungeon Overview and Level Annotations

Branches:
Dungeon (4/15)
 Temple: D:4-7

Altars:
Hepliaklqana


Innate Abilities, Weirdness & Mutations

You have very sharp teeth.
Your uncanny sense of smell can sniff out nearby items.
Your experience applies equally to all skills.


Message History

You can't see any susceptible monsters within range! (Use Z to cast anyway.)
You open the door.
There is an open door here.
A malevolent force fills the Dungeon...
You fall into a shaft and drop 3 floors!
The shaft crumbles and collapses.
Found 19 gold pieces.
Found a stone staircase leading down.
A steam dragon comes into view.
You see here 19 gold pieces.
The helpless steam dragon fails to defend itself.
You puncture the steam dragon! You burn the steam dragon.
The steam dragon is moderately wounded.
You hit the steam dragon but do no damage.
Your bite misses the steam dragon.
The steam dragon is moderately wounded.
The steam dragon misses you. The steam dragon closely misses you.
You hit the steam dragon. You burn the steam dragon.
You bite the steam dragon, but do no damage.
The steam dragon is heavily wounded.
The steam dragon bites you but does no damage.
The steam dragon barely misses you.
You closely miss the steam dragon.
You bite the steam dragon, but do no damage.
The steam dragon is heavily wounded.
The steam dragon breathes steam at you. The ball of steam hits you!
You hit the steam dragon. You burn the steam dragon.
The steam dragon is severely wounded.
You are engulfed in a cloud of scalding steam.
A bullfrog comes into view.
The steam dragon bites you.
* * * LOW HITPOINT WARNING * * *
The steam dragon completely misses you. The steam dragon barely misses you.
The steam dragon closely misses you.
You closely miss the steam dragon.
The steam dragon is heavily wounded.
The steam dragon breathes steam at you. The ball of steam hits you!!
You die...

..# ##..# ....
....# .... ..F#
...# ##...# ...#
# ##....###..#
##.###.@D#..#..#
#.>...§.##.....##
#.###.$## #.....#
##§.###.#
#......#
##..........#
#...........
#............
...####.......


You could see a steam dragon (catching breath) and a bullfrog.

Vanquished Creatures
  A bullfrog (D:4)
  An iguana (D:3)
  5 adders
  3 dart slugs
  3 orcs (D:3)
  6 bats
  5 endoplasms
  2 giant cockroaches
  4 goblins
  7 hobgoblins
  4 jackals
  10 kobolds
  3 quokkas
  5 ball pythons
  3 rats (D:2)
62 creatures vanquished.

Notes
Turn   | Place    | Note
-------+----------+-------------------------------------------
     0 | D:1      | Ashen the Gnoll Hedge Wizard began the quest for the Orb.
     0 | D:1      | Reached XP level 1. HP: 13/13 MP: 8/8
   479 | D:1      | Reached XP level 2. HP: 19/19 MP: 5/10
   989 | D:2      | Reached XP level 3. HP: 25/25 MP: 8/11
  1022 | D:2      | Reached skill level 1 in Invocations
  1232 | D:2      | Learned a level 3 spell: Mephitic Cloud
  1246 | D:2      | Reached skill level 1 in Fighting
  1246 | D:2      | Reached skill level 1 in Short Blades
  1246 | D:2      | Reached skill level 1 in Long Blades
  1246 | D:2      | Reached skill level 1 in Axes
  1246 | D:2      | Reached skill level 1 in Maces & Flails
  1246 | D:2      | Reached skill level 1 in Polearms
  1246 | D:2      | Reached skill level 1 in Staves
  1246 | D:2      | Reached skill level 1 in Ranged Weapons
  1246 | D:2      | Reached skill level 1 in Throwing
  1246 | D:2      | Reached skill level 1 in Armour
  1246 | D:2      | Reached skill level 1 in Shields
  1246 | D:2      | Reached skill level 1 in Unarmed Combat
  1246 | D:2      | Reached skill level 1 in Evocations
  1633 | D:2      | Reached skill level 1 in Shapeshifting
  1633 | D:2      | Reached XP level 4. HP: 32/32 MP: 8/13
  2472 | D:3      | Reached skill level 1 in Hexes
  2472 | D:3      | Reached skill level 1 in Necromancy
  2472 | D:3      | Reached skill level 1 in Fire Magic
  2472 | D:3      | Reached skill level 1 in Ice Magic
  2472 | D:3      | Reached skill level 1 in Air Magic
  2472 | D:3      | Reached skill level 1 in Earth Magic
  2472 | D:3      | Reached skill level 1 in Alchemy
  2560 | D:3      | Found a faded altar of an unknown god.
  3164 | D:3      | Reached XP level 5. HP: 18/37 MP: 6/14
  3564 | D:4      | Found a hazy altar of Hepliaklqana.
  3610 | D:4      | You fall into a shaft and drop 3 floors!
  3615 | D:7      | Noticed a steam dragon
  3623 | D:7      | Killed from afar by a steam dragon

Illustrated notes

Levels and vault maps discovered:
D:1:      dpeg_arrival_rooms_a, layout_rooms, moated_statue,
          minmay_tree_intersection, minivault_27, nicolae_the_louvre
D:2:      layout_basic, minmay_3d_cube
D:3:      layout_loops_cross, hellmonk_ecumenical_altar_defaced_shrine
D:4:      layout_basic, worldfamousw_hep_ancestral_shrine, serial_shops, shop,
          uniq_ijyb
D:7:      layout_layer_cave, nicolae_zig_zag_zippers, uniq_joseph

Skill      XL: |  1  2  3  4 |
---------------+-------------+-----
Conjurations   | 2 |  2.5
Summonings     | 2 |  2.5
Translocations | 2 |  2.5
Invocations    | 1 |  1.9
Fighting       | 1 |  1.7
Short Blades   | 1 |  1.7
Long Blades    | 1 |  1.7
Axes           | 1 |  1.7
Maces & Flails | 1 |  1.7
Polearms       | 1 |  1.7
Staves         | 1 |  1.7
Ranged Weapons | 1 |  1.7
Throwing       | 1 |  1.7
Armour         | 1 |  1.7
Shields        | 1 |  1.7
Unarmed Combat | 1 |  1.7
Evocations     | 1 |  1.7
Shapeshifting  | 1 |  1.5
Hexes          | 1 |  1.3
Necromancy     | 1 |  1.3
Fire Magic     | 1 |  1.3
Ice Magic      | 1 |  1.3
Air Magic      | 1 |  1.3
Earth Magic    | 1 |  1.3
Alchemy        | 1 |  1.3
Dodging        | |  4.9
Stealth        | |  4.5
Spellcasting   | |  7.3

Action                     |  1- 3 |  4- 6 || total
---------------------------+-------+-------++-------
  Melee: Dagger            |     5 |       ||     5
         Bite              |     1 |    11 ||    12
         Short sword       |       |    55 ||    55
         Punch             |       |     1 ||     1
   Cast: Magic Dart        |    73 |    87 ||   160
   Stab: Sleeping          |       |     4 ||     4
 Armour: Robe              |    16 |       ||    16
         Leather armour    |       |    46 ||    46
  Dodge: Dodged            |    11 |    43 ||    54
